 Dungeon Crawl Stone Soup version 0.20.0-14-g326068f (webtiles) character file.

21116 skittles the Fighter (level 12, 0/110 HPs)
             Began as a White Draconian Fire Elementalist on June 8, 2017.
             Was a High Priest of Vehumet.
             Slain by a nine-headed hydra (5 damage)
             ... on level 1 of the Lair of Beasts.
             The game lasted 01:15:16 (23515 turns).

skittles the Fighter (DrFE)                        Turns: 23515, Time: 01:15:17

Health: 0/110      AC:  9    Str: 10    XL:     12   Next: 51%
Magic:  16/24      EV: 16    Int: 27    God:    Vehumet [*****.]
Gold:   835        SH:  0    Dex:  9    Spells: 10/28 levels left

rFire    + . .     SeeInvis .   n - +5 war axe
rCold    + + .     Gourm    .   (no shield)
rNeg     + . .     Faith    .   (armour unavailable)
rPois    .         Spirit   .   (helmet restricted)
rElec    .         Reflect  .   s - scarf {cloud immunity}
rCorr    .         Harm     .   F - +0 pair of gloves of the Guardian {rN+ MR+ Int+6 Dex-3}
MR       +....                  (no boots)
Stlth    ++........             h - amulet of rage
Regen    0.7/turn               P - ring of protection from cold
MPRegen  0.2/turn               E - ring of protection from fire

@: no status effects
A: breathe frost, unfitting armour, stinger 1, cold resistance 1, regeneration
1, evolution 1, cold-blooded, AC +8
a: Breathe Frost, Renounce Religion, Evoke Berserk Rage


You were on level 1 of the Lair of Beasts.
You worshipped Vehumet.
Vehumet was extremely pleased with you.
You were not hungry.

You visited 3 branches of the dungeon, and saw 15 of its levels.

You collected 835 gold pieces.

Inventory:

Hand Weapons
 e - a +3 scimitar of freezing
 n - a +5 war axe (weapon)
 N - a +2 spear of venom
Armour
 s - a scarf of cloud immunity (worn)
 F - the +0 pair of gloves of the Guardian (worn) {rN+ MR+ Int+6 Dex-3}
   (You found it on level 11 of the Dungeon)

   It affects your intelligence (+6).
   It affects your dexterity (-3).
   It protects you from negative energy.
   It affects your resistance to hostile enchantments.
Magical Staves
 o - an uncursed staff of wizardry
Jewellery
 h - an amulet of rage (around neck)
 q - an uncursed ring of positive energy
 w - an uncursed ring of flight
 y - an uncursed ring of ice
 E - a ring of protection from fire (right hand)
 P - a ring of protection from cold (left hand)
 U - an uncursed ring of fire
Wands
 z - a wand of acid (1/15)
 L - a wand of acid (5/15)
 S - a wand of digging (5/24)
Scrolls
 c - a scroll of blinking
 d - 3 scrolls of teleportation
 j - 2 scrolls of recharging {unknown}
 r - 5 scrolls of immolation
 u - 7 scrolls of remove curse
 v - 3 scrolls of amnesia {unknown}
 x - a scroll of identify
 B - a scroll of fear {unknown}
 C - a scroll of acquirement {unknown}
 D - a scroll of fog {unknown}
 G - 2 scrolls of random uselessness {unknown}
 I - a scroll of magic mapping {unknown}
 M - 2 scrolls of enchant weapon {unknown}
Potions
 f - a potion of berserk rage
 g - 6 potions of curing
 i - a potion of haste
 k - 2 potions of lignification
 l - 4 potions of agility
 p - 2 potions of magic
 H - a potion of ambrosia
 O - a potion of flight {unknown}
 Q - a potion of heal wounds
 R - a potion of brilliance {unknown}
Books
 a - a book of Flames

   Spells                             Type                      Level
   a - Flame Tongue                   Conjuration/Fire             1
   b - Throw Flame                    Conjuration/Fire             2
   c - Conjure Flame                  Conjuration/Fire             3
   d - Inner Flame                    Hexes/Fire                   3
   e - Sticky Flame                   Conjuration/Fire             4
   f - Fireball                       Conjuration/Fire             5
 m - a book of Callings

   Spells                             Type                      Level
   a - Summon Small Mammal            Summoning                    1
   b - Call Imp                       Summoning                    2
   c - Call Canine Familiar           Summoning                    3
   d - Summon Guardian Golem          Hexes/Summoning              3
   e - Summon Lightning Spire         Summoning/Air                4
   f - Summon Ice Beast               Ice/Summoning                4
 V - a book of Minor Magic

   Spells                             Type                      Level
   a - Magic Dart                     Conjuration                  1
   b - Blink                          Translocation                2
   c - Call Imp                       Summoning                    2
   d - Slow                           Hexes                        2
   e - Conjure Flame                  Conjuration/Fire             3
   f - Mephitic Cloud                 Conjuration/Poison/Air       3
 W - a book of Dreams

   Spells                             Type                      Level
   a - Ensorcelled Hibernation        Hexes/Ice                    2
   b - Silence                        Hexes/Air                    5
   c - Darkness                       Hexes                        6
   d - Shadow Creatures               Summoning                    6
Comestibles
 b - 13 bread rations
 t - 5 royal jellies
 A - 21 fruits
 J - 7 meat rations
 K - 6 chunks of flesh


   Skills:
 + Level 11.6 Fighting
 + Level 10.1 Dodging
 - Level 1.7 Stealth
 + Level 8.7 Spellcasting
 + Level 10.7 Conjurations
 - Level 3.9 Fire Magic


You had 10 spell levels left.
You knew the following spells:

 Your Spells              Type           Power        Failure   Level  Hunger
a - Flame Tongue          Conj/Fire      #####        1%          1    None
b - Conjure Flame         Conj/Fire      ######..     1%          3    None
c - Sticky Flame          Conj/Fire      ######..     1%          4    #......
d - Searing Ray           Conj           ######       1%          2    None
e - Mephitic Cloud        Conj/Pois/Air  ####....     1%          3    None
f - Ignite Poison         Fire/Tmut/Pois ###.....     2%          3    None
g - Blink                 Tloc           N/A          8%          2    None


Dungeon Overview and Level Annotations

Branches:
Dungeon (13/15)            Temple (1/1) D:4            Lair (1/6) D:10
    Orc (0/2) D:10
 Vaults: D:13-14

Altars:
Cheibriados
Elyvilon
Fedhas
Gozag
Ru
Sif Muna
Uskayaw
Vehumet
Xom
Yredelemnul

Shops:
D:11 %   D:12 (

Annotations:
D:9 Erica


Innate Abilities, Weirdness & Mutations

You can breathe waves of freezing cold.
You can buffet flying creatures when you breathe cold.
Your icy white scales are hard. (AC +8)
You cannot fit into any form of body armour.
Your flesh is cold resistant. (rC+)
You are cold-blooded and may be slowed by cold attacks.
Your tail ends in a poisonous barb.
Your natural rate of healing is unusually fast.
You evolve.


Message History

The nine-headed hydra is engulfed in blazing flames.
The nine-headed hydra closely misses you. x2
The nine-headed hydra misses you. The nine-headed hydra bites you!
The nine-headed hydra misses you.
The nine-headed hydra completely misses you.
The nine-headed hydra bites you! x3
The nine-headed hydra is engulfed in blazing flames.
The nine-headed hydra bites you but does no damage.
The nine-headed hydra misses you.
The nine-headed hydra bites you but does no damage.
The nine-headed hydra bites you.
* * * LOW HITPOINT WARNING * * *
The nine-headed hydra bites you.
* * * LOW HITPOINT WARNING * * *
The nine-headed hydra bites you!
* * * LOW HITPOINT WARNING * * *
The nine-headed hydra bites you!
* * * LOW HITPOINT WARNING * * *
The nine-headed hydra bites you.
You die...

...............
...............
............... .
##....b†..#.### ##.... .
#.......###.####..... .
#......F#......##.... .
#........#.....#.....
#.....b.##.....##....##
#......FD@.....##.....# #+
.........#......##....####.
#........##.....##.........
.#.......######+.#.........
.........##..#..##.........
........................P..
..........................
.........................
.#+..#P.....##.....


You could see a nine-headed hydra (burning) and a spiny frog.

Vanquished Creatures
  Snorg (D:11)
  2 two-headed ogres (D:10)
  Urug (D:11)
  An unseen horror (D:12)
  Pikel (D:8)
  An ugly thing (D:11)
  A manticore (D:12)
  A guardian serpent (shapeshifter) (D:12)
  A komodo dragon (Lair:1)
  A rime drake (Lair:1)
  4 trolls
  A meliai (D:12)
  5 hippogriffs
  Sigmund (D:3)
  A vampire (D:11)
  2 wraiths
  14 yaks
  3 shadows
  4 hungry ghosts
  An acid dragon (D:12)
  A water moccasin (D:5)
  A hornet zombie (D:10)
  5 sky beasts
  13 ice beasts
  An eye of draining (D:11)
  6 orc warriors
  A black bear (D:4)
  3 slaves (D:8)
  11 ogres
  3 phantoms
  6 centaurs
  2 crocodiles
  Blork the orc (D:6)
  11 bullfrogs
  9 gnoll sergeants
  6 big kobolds
  5 scorpions
  18 killer bees
  2 electric eels (D:6)
  12 wights
  6 howler monkeys
  2 crimson imps
  A quasit (D:7)
  3 bullfrog zombies
  A centaur zombie (D:11)
  10 hounds
  6 orc priests
  4 jellies
  3 bullfrog skeletons
  5 iguanas
  14 orc wizards
  11 worker ants
  A killer bee zombie (D:7)
  2 human simulacra (D:13)
  A hound skeleton (D:7)
  42 gnolls
  2 howler monkey skeletons
  7 adders
  A shadow imp (D:4)
  2 oozes (D:3)
  2 adder skeletons (D:7)
  3 adder zombies
  A worm (D:2)
  A dart slug (D:2)
  3 leopard geckos
  44 orcs
  2 ball pythons
  4 giant cockroaches
  34 goblins
  26 hobgoblins
  9 jackals
  36 kobolds
  5 quokkas
  7 bats
  5 frilled lizards
  2 jackal skeletons
  A leopard gecko zombie (D:5)
  6 rats
479 creatures vanquished.

Vanquished Creatures (others)
  A slave (D:8)
  An ogre (D:4)
  A killer bee (D:10)
3 creatures vanquished.

Grand Total: 482 creatures vanquished

Notes
Turn   | Place    | Note
-------+----------+-------------------------------------------
     0 | D:1      | skittles the Draconian Fire Elementalist began the quest for the Orb.
     0 | D:1      | Reached XP level 1. HP: 14/14 MP: 3/3
   313 | D:1      | Reached XP level 2. HP: 22/22 MP: 1/5
   917 | D:2      | Found a shimmering altar of Xom.
   921 | D:2      | Reached skill level 1 in Fighting
   921 | D:2      | Reached XP level 3. HP: 28/28 MP: 4/6
  1373 | D:2      | Learned a level 3 spell: Conjure Flame
  1694 | D:2      | Reached XP level 4. HP: 9/35 MP: 1/7
  2260 | D:3      | Noticed Sigmund
  2459 | D:3      | Killed Sigmund
  2459 | D:3      | Reached skill level 2 in Fighting
  2459 | D:3      | Reached XP level 5. HP: 22/42 MP: 0/9
  3087 | D:3      | Reached XP level 6. HP: 39/50 MP: 4/10
  3540 | D:3      | Learned a level 4 spell: Sticky Flame
  3819 | D:3      | Found a faded altar of an unknown god.
  4452 | D:2      | Reached skill level 3 in Fighting
  5001 | D:4      | Found a staircase to the Ecumenical Temple.
  5012 | Temple   | Entered the Ecumenical Temple
  5038 | Temple   | Became a worshipper of Vehumet
  5299 | D:4      | Noticed an ice beast
  5324 | D:4      | Killed an ice beast
  5324 | D:4      | Your scales start taking on an icy white colour.
  5324 | D:4      | Reached XP level 7. HP: 57/57 MP: 0/12
  5324 | D:4      | Gained mutation: Your flesh is cold resistant. (rC+) [White Draconian growth]
  6942 | D:4      | Reached skill level 4 in Fighting
  7058 | D:4      | HP: 1/59 [black bear (3)]
  7424 | D:5      | Entered Level 5 of the Dungeon
  7604 | D:5      | Reached XP level 8. HP: 56/67 MP: 3/13
  7769 | D:5      | Found a hide-covered altar of Uskayaw.
  7772 | D:5      | Noticed a dagger
  7773 | D:5      | Noticed an enchanted hand axe
  7798 | D:5      | Reached skill level 5 in Fighting
  7937 | D:5      | Reached skill level 5 in Dodging
  8057 | D:5      | Reached skill level 5 in Conjurations
  8391 | D:5      | Found a snail-covered altar of Cheibriados.
  8524 | D:5      | Reached * piety under Vehumet
  8524 | D:5      | Offered knowledge of Shock by Vehumet.
  8571 | D:5      | Reached skill level 6 in Fighting
  8816 | D:5      | Found a deep blue altar of Sif Muna.
  9772 | D:6      | Reached XP level 9. HP: 33/78 MP: 1/14
 10199 | D:6      | Reached ** piety under Vehumet
 10199 | D:6      | Offered knowledge of Searing Ray by Vehumet.
 10203 | D:6      | Learned a level 2 spell: Searing Ray
 10623 | D:6      | Noticed Blork the orc
 10654 | D:6      | Killed Blork the orc
 10654 | D:6      | Offered knowledge of Mephitic Cloud by Vehumet.
 10654 | D:6      | Reached skill level 7 in Fighting
 10689 | D:6      | Learned a level 3 spell: Mephitic Cloud
 11132 | D:7      | Reached *** piety under Vehumet
 11895 | D:7      | Found an opulent altar of Gozag.
 11895 | D:7      | Found a basalt altar of Yredelemnul.
 11946 | D:7      | Offered knowledge of Airstrike by Vehumet.
 12862 | D:8      | Noticed Pikel
 12896 | D:8      | Killed Pikel
 12896 | D:8      | Reached skill level 8 in Fighting
 12991 | D:8      | Reached XP level 10. HP: 82/88 MP: 11/17
 13225 | D:8      | Reached **** piety under Vehumet
 13230 | D:8      | Reached skill level 5 in Spellcasting
 13575 | D:8      | Offered knowledge of Ignite Poison by Vehumet.
 13580 | D:8      | Learned a level 3 spell: Ignite Poison
 14740 | D:9      | Reached skill level 9 in Fighting
 15199 | D:9      | Noticed Erica
 15800 | D:10     | Entered Level 10 of the Dungeon
 15841 | D:10     | Noticed a two-headed ogre
 15858 | D:10     | Killed a two-headed ogre
 16015 | D:10     | Noticed a two-headed ogre
 16034 | D:10     | Killed a two-headed ogre
 16034 | D:10     | Reached XP level 11. HP: 73/99 MP: 18/20
 16716 | D:10     | Found a staircase to the Orcish Mines.
 16747 | D:10     | Reached ***** piety under Vehumet
 16770 | D:10     | Offered knowledge of Lee's Rapid Deconstruction by Vehumet.
 16770 | D:10     | Reached skill level 10 in Fighting
 17594 | D:10     | Found a staircase to the Lair.
 18192 | D:11     | HP: 5/101 [something (30)]
 18792 | D:11     | Found Sicolegih's Food Shoppe.
 18812 | D:11     | Noticed Urug
 19163 | D:11     | Killed Urug
 19410 | D:11     | Got a pair of transparent gloves
 19416 | D:11     | Identified the +0 pair of gloves of the Guardian {rN+ MR+ Int+6 Dex-3} (You found it on level 11 of the Dungeon)
 19794 | D:11     | Reached skill level 10 in Conjurations
 20090 | D:11     | Noticed Snorg
 20109 | D:11     | Killed Snorg
 20370 | D:11     | Noticed a red ugly thing
 20379 | D:11     | Killed a red ugly thing
 20442 | D:12     | Reached XP level 12. HP: 45/108 MP: 18/24
 20718 | D:12     | Reached skill level 11 in Fighting
 20991 | D:12     | Found Ginkaf's Weapon Shop.
 22669 | D:13     | Reached skill level 10 in Dodging
 22732 | D:13     | Offered knowledge of Venom Bolt by Vehumet.
 22835 | D:13     | Learned a level 2 spell: Blink
 22892 | D:13     | Noticed a vault guard
 22896 | D:13     | Noticed a centaur warrior
 23040 | D:12     | Gained mutation: Your large and strong wings let you fly indefinitely. [potion of mutation]
 23040 | D:12     | Lost mutation: Your large and strong wings let you fly indefinitely. [potion of mutation]
 23040 | D:12     | Gained mutation: You are weak. (Str -2) [potion of mutation]
 23040 | D:12     | Gained mutation: You have a pair of small horns on your head. [potion of mutation]
 23041 | D:12     | Lost mutation: You are weak. (Str -2) [potion of mutation]
 23041 | D:12     | Lost mutation: You have a pair of small horns on your head. [potion of mutation]
 23041 | D:12     | Gained mutation: Your tail ends in a poisonous barb. [potion of mutation]
 23041 | D:12     | Gained mutation: You evolve. [potion of mutation]
 23093 | D:10     | Gained mutation: Your natural rate of healing is unusually fast. [evolution]
 23101 | Lair:1   | Entered Level 1 of the Lair of Beasts
 23502 | Lair:1   | Noticed an eight-headed hydra
 23515 | Lair:1   | HP: 5/110 [nine-headed hydra (10)]
 23515 | Lair:1   | Slain by a nine-headed hydra

Skill      XL: |  1  2  3  4  5  6  7  8  9 10 11 12 |
---------------+-------------------------------------+-----
Dodging        | 2 3 4 5 7 8 9 10 | 10.1
Fighting       | 1 2 3 4 6 8 9 10 11 | 11.6
Conjurations   | 2 3 4 6 7 9 10 | 10.7
Fire Magic     | 4 3 |  3.9
Spellcasting   | 3 4 6 8 |  8.7
Stealth        | |  1.7

Action                   |  1- 3 |  4- 6 |  7- 9 | 10-12 || total
-------------------------+-------+-------+-------+-------++-------
Melee: Short sword       |    80 |       |   225 |       ||   305
       Unarmed           |     8 |       |       |       ||     8
       Tailslap          |     7 |    10 |    33 |    50 ||   100
       Staff             |     3 |       |       |       ||     3
       Halberd           |       |   114 |   136 |       ||   250
       Spear             |       |       |    48 |   458 ||   506
       Scimitar          |       |       |       |    25 ||    25
       War axe           |       |       |       |   169 ||   169
 Cast: Flame Tongue      |    25 |    99 |   156 |   102 ||   382
       Conjure Flame     |     1 |     4 |     4 |    16 ||    25
       Sticky Flame      |       |       |    23 |    86 ||   109
       Searing Ray       |       |       |     6 |     7 ||    13
       Mephitic Cloud    |       |       |     3 |    32 ||    35
       Ignite Poison     |       |       |       |     3 ||     3
 Abil: Breathe Frost     |       |       |     1 |     9 ||    10
  Use: Potion            |       |       |     1 |     4 ||     5
       Scroll            |       |       |     3 |    11 ||    14
 Stab: Sleeping          |     2 |     2 |     3 |     5 ||    12
       Distracted        |       |       |     2 |       ||     2
       Confused          |       |       |     2 |    13 ||    15
  Eat: Chunk             |     2 |     9 |    28 |    36 ||    75
       Bread ration      |       |     1 |     1 |       ||     2
       Fruit             |       |       |       |    11 ||    11
Armor: Skin              |    43 |    60 |   215 |   186 ||   504
Dodge: Dodged            |    84 |   153 |   473 |   594 ||  1304
       Rpst.: Scimitar   |       |       |       |     9 ||     9
